 Dungeon Crawl Stone Soup version 0.23-a0-612-gcb482e9 (webtiles) character file.

28 Borgoz the Skirmisher (level 3, -2/31 HPs)
             Began as a Ghoul Abyssal Knight on Dec 21, 2018.
             Was a Follower of Lugonu.
             Slain by a hobgoblin
             ... wielding a +0 club
             ... led by Robin
              (4 damage)
             ... on level 2 of the Dungeon.
             The game lasted 00:01:43 (659 turns).

Borgoz the Skirmisher (Ghoul Abyssal Knight)         Turns: 659, Time: 00:01:44

Health: -2/31      AC:  3    Str: 15      XL:     3   Next: 14%
Magic:  3/3        EV: 11    Int:  6 (7)  God:    Lugonu [*.....]
Gold:   34         SH:  0    Dex:  6 (9)  Spells: 2/2 levels left

rFire    . . .     SeeInvis .     - Unarmed
rCold    + . .     Gourm    .   (no shield)
rNeg     + + +     Faith    .   a - +0 leather armour
rPois    ∞         Spirit   .   (no helmet)
rElec    .         Reflect  .   (no cloak)
rCorr    .         Harm     .   (no gloves)
MR       .....                  (no boots)
Stlth    +.........             (no amulet)
HPRegen  0.00/turn              (no ring)
MPRegen  0.08/turn              (no ring)

@: rotting, very slow
A: rotting body, claws 1, carnivore, cold resistance 1, negative energy
resistance 3, inhibited regeneration, torment resistance, unbreathing
a: Depart the Abyss, Renounce Religion


You were on level 2 of the Dungeon.
You worshipped Lugonu.
Lugonu was aware of your devotion.
You were not hungry.

You visited 1 branch of the dungeon, and saw 2 of its levels.
You visited the Abyss 1 time.

You collected 34 gold pieces.

Inventory:

Armour
 a - a +0 leather armour (worn)
Potions
 h - a potion of magic
Comestibles
 b - 2 rations
 c - 3 chunks of flesh


   Skills:
 + Level 3.5 Fighting
 + Level 2.1 Armour
 + Level 1.3 Dodging
 + Level 2.6 Unarmed Combat
 + Level 2.4 Invocations


You had 2 spell levels left.
You didn't know any spells.
Your spell library was empty.

Dungeon Overview and Level Annotations

Branches:
Dungeon (1/15)

Altars:

Annotations:
D:2 Robin


Innate Abilities, Weirdness & Mutations

Your body is rotting away.
You thrive on raw meat.
You are immune to poison.
You have sharp fingernails.
You are carnivorous and can eat meat at any time.
Your flesh is cold resistant. (rC+)
You are immune to negative energy. (rN+++)
You do not regenerate when monsters are visible.
You are immune to unholy pain and torment.
You can survive without breathing.


Message History

The goblin hits the plant but does no damage.
Cornered, the goblin turns to fight!
Your unstable footing causes you to fumble your attack.
The hobgoblin hits you with a +0 club.
* * * LOW HITPOINT WARNING * * *
A goblin comes into view.
The goblin hits you with a +0 club.
* * * LOW HITPOINT WARNING * * *
Unknown command.
You closely miss the goblin.
The goblin is heavily wounded.
The goblin shouts!
The hobgoblin closely misses you. The goblin closely misses you.
The goblin splashes around in the water.
Unknown command.
You scratch the goblin.
You kill the goblin!
Lugonu accepts your kill. The hobgoblin hits you with a +0 club.
You die...

####### #########
##P.P.≈### ###≈≈≈≈≈≈≈≈
##....≈≈g@## ##≈≈≈≈≈≈≈≈≈≈
##.P..≈≈≈≈#g####.#≈≈≈≈≈≈≈≈≈
#PP..≈######gg..######≈≈≈≈≈
#....≈≈≈≈# #ggg.# ##≈≈≈≈≈≈≈
#....≈≈≈≈# #....# #≈≈≈≈≈≈≈≈
#.PP≈≈######.)..###≈≈≈≈≈###
#P.)÷≈≈≈≈≈###''###≈≈≈≈≈≈.PP
#...≈≈≈≈≈≈≈##g.##≈≈≈≈≈≈≈≈..
##.P.≈≈≈≈#####'####≈≈≈≈≈≈≈.


You could see Robin, 2 hobgoblins and 4 goblins.

Vanquished Creatures
  A leopard gecko (D:2)
  A bat (D:1)
  A giant cockroach (D:1)
  7 goblins
  4 hobgoblins (D:1)
  4 jackals (D:1)
  A kobold (D:1)
  A frilled lizard (D:1)
  3 rats (D:1)
23 creatures vanquished.

Notes
Turn   | Place    | Note
-------+----------+-------------------------------------------
     0 | Abyss:1  | Borgoz the Ghoul Abyssal Knight began the quest for the
                  | Orb.
     0 | Abyss:1  | Reached XP level 1. HP: 19/19 MP: 1/1
    25 | Abyss:1  | Noticed a small abomination
    44 | Abyss:1  | Noticed a thrashing horror
    44 | Abyss:1  | Noticed a small abomination
    46 | D:1      | Escaped the Abyss
   265 | D:1      | Reached skill level 1 in Dodging
   279 | D:1      | Reached XP level 2. HP: 26/26 MP: 2/2
   451 | D:1      | Reached * piety under Lugonu
   490 | D:1      | You fall through a shaft!
   500 | D:2      | Reached XP level 3. HP: 31/31 MP: 3/3
   613 | D:2      | Noticed Robin
   659 | D:2      | Slain by a hobgoblin

Vault maps used:
D:1:      dpeg_arrival_solitude, serial_glass, glass_columns_b, glass_columns_c,
          minmay_tetromino_l4
D:2:      wad_lake_hut, uniq_robin

Skill      XL: |  1  2 |
---------------+-------+-----
Dodging        | 1 |  1.3
Armour         | 2 |  2.1
Fighting       | |  3.5
Unarmed Combat | |  2.6
Invocations    | |  2.4

Action                   || total
-------------------------++-------
Melee: Unarmed           ||    92
       Punch             ||     2
Invok: Depart the Abyss  ||     1
  Use: Scroll            ||     3
       Potion            ||     3
  Eat: Chunk             ||     5
Armor: Leather armour    ||    15
Dodge: Dodged            ||    66

Table legend:
 A = Non-vault XP
 B = Vault XP
 C = Vault XP percentage of total XP
 D = Non-vault monster count
 E = Vault monster count
 F = Vault count percentage of total count
                 A         B        C        D         E       F
            +---------+---------+-------+---------+---------+-------
      Total |      28 |      13 |  31.7 |      15 |       8 |  34.8
            +---------+---------+-------+---------+---------+-------
        D:1 |      23 |       7 |  23.3 |      13 |       4 |  23.5
        D:2 |       5 |       6 |  54.5 |       2 |       4 |  66.7
            +---------+---------+-------+---------+---------+-------
